 Dungeon Crawl Stone Soup version 0.30-a0-134-gb40fab5c76 (webtiles) character file.

Game seed: 14706973731508195861

5083 juncz the Frost Mage (level 10, -1/73 HPs)
             Began as a Yellow Draconian Ice Elementalist on Sept 19, 2022.
             Was an Initiate of Gozag.
             Slain by an ice beast (7 damage)
             ... on level 9 of the Dungeon on Sept 20, 2022.
             The game lasted 00:32:25 (12531 turns).

juncz the Frost Mage (DrIE)                        Turns: 12531, Time: 00:32:25

Health: -1/73      AC: 13    Str: 10    XL:     10   Next: 31%
Magic:  23/23      EV: 12    Int: 19    God:    Gozag
Gold:   673        SH:  0    Dex: 13    Spells: 21/28 levels left

rFire   . . .      SeeInvis .    c - +0 dagger
rCold   . . .      Faith    .    (no shield)
rNeg    + . .      Spirit   .    (body armour unavailable)
rPois   .          Reflect  .    (helmet restricted)
rElec   .          Harm     .    o - +0 cloak
rCorr   +          Rampage  .    n - +0 pair of gloves
Will    .....                    (no boots)
Stlth   ++........               y - amulet of magic regeneration
HPRegen 0.22/turn                q - +4 ring of protection
MPRegen 0.58/turn                w - ring of positive energy

@: no status effects
A: spit acid, AC +7, unfitting armour, cold-blooded, acid resistance
a: Breathe Acid, Renounce Religion, Potion Petition, Call Merchant, Bribe Branch


You were on level 9 of the Dungeon.
You worshipped Gozag.
Gozag was pleased with you.
You visited 2 branches of the dungeon, and saw 10 of its levels.
You also visited: Ossuary.

You collected 805 gold pieces.
You paid 132 gold pieces to Gozag.

Inventory:

Hand Weapons
 c - a +0 dagger (weapon)
Missiles
 g - 76 stones (quivered)
Armour
 n - a +0 pair of gloves (worn)
 o - a +0 cloak (worn)
Magical Staves
 t - a staff of earth
Jewellery
 q - a +4 ring of protection (left hand)
 w - a ring of positive energy (right hand)
 y - an amulet of magic regeneration (around neck)
 z - an amulet of reflection
Wands
 f - a wand of digging (5)
 B - a wand of mindburst (13)
Scrolls
 b - 6 scrolls of fog
 h - a scroll of silence
 j - 2 scrolls of immolation
 m - 2 scrolls of brand weapon
 r - 6 scrolls of poison
 A - 4 scrolls of teleportation
 F - a scroll of magic mapping
 H - a scroll of fear
Potions
 a - 2 potions of magic
 d - 7 potions of heal wounds {unknown}
 e - a potion of degeneration {unknown}
 i - 4 potions of attraction {unknown}
 k - 10 potions of curing
 l - 2 potions of brilliance {unknown}
 p - 2 potions of cancellation {unknown}
 s - 3 potions of haste {unknown}
 u - 3 potions of resistance {unknown}
 v - 3 potions of ambrosia
 x - a potion of mutation {unknown}
 C - 2 potions of flight {unknown}
 E - a potion of invisibility {unknown}
 G - a potion of lignification {unknown}


   Skills:
 + Level 2.2 Fighting
 - Level 2.0 Dodging
 - Level 2.0 Stealth
 + Level 9.9 Spellcasting
 + Level 11.3 Ice Magic
 + Level 2.0 Air Magic


You had 21 spell levels left.
You knew the following spells:

 Your Spells              Type           Power      Damage    Failure   Level
a - Freeze                Ice            100%       1d11      1%          1
b - Frozen Ramparts       Ice            100%       1d16      1%          3
c - Ozocubu's Armour      Ice            51%        N/A       1%          3

Your spell library contained the following spells:

 Spells                   Type           Power      Damage    Failure   Level
 Ensorcelled Hibernation  Hex/Ice        60%        N/A       1%          2
 Poisonous Vapours        Pois/Air       26%        N/A       8%          2
 Hailstorm                Conj/Ice       30%        3d8       8%          4
 Cigotuvi's Dreadful Rot  Necr/Pois/Air  24%        N/A       9%          2
 Sublimation of Blood     Necr           9%         N/A       12%         2
 Wereblood                Tmut           9%         N/A       12%         2
 Gell's Gravitas          Tloc           9%         N/A       22%         3
 Spider Form              Tmut/Pois      9%         N/A       22%         3
 Teleport Other           Tloc           9%         N/A       22%         3
 Airstrike                Air            8%         2d(2-18)  32%         4
 Summon Lightning Spire   Summ/Air       13%        N/A       43%         4
 Anguish                  Hex/Necr       4%         N/A       58%         4
 Lightning Bolt           Conj/Air       6%         1d18      80%         5
 Dispersal                Tloc           4%         N/A       100%        6
 Summon Hydra             Summ           4%         N/A       100%        7


Dungeon Overview and Level Annotations

Branches:
Dungeon (9/15)             Temple (1/1) D:7         Ossuary (visited)
   Lair: D:8-11         Orc: D:9-12

Altars:
Ashenzari
Cheibriados
Elyvilon
Gozag
Kikubaaqudgha
Makhleb
Nemelex Xobeh
Okawaru
Qazlal
Sif Muna
Trog
Uskayaw
Wu Jian
Xom
Yredelemnul
Zin
The Shining One
Jiyva
Lugonu

Shops:
D:1 (   D:3 =(


Innate Abilities, Weirdness & Mutations

You can spit globs of acid.
Your golden yellow scales are hard. (AC +7)
You cannot fit into any form of body armour.
You are cold-blooded and may be slowed by cold attacks.
You are resistant to acid. (rCorr)


Message History

The ice beast misses you.
You completely miss the ice beast.
You tail-slap the ice beast, but do no damage.
The ice beast is severely wounded.
The ice beast misses you.
You barely miss the ice beast.
The ice beast is severely wounded.
The ice beast completely misses you.
You hit the ice beast but do no damage.
The ice beast is severely wounded.
The ice beast hits you but does no damage.
You hit the ice beast.
Your tail-slap misses the ice beast.
The ice beast is almost dead.
The ice beast hits you but does no damage.
You hit the ice beast but do no damage.
You tail-slap the ice beast, but do no damage.
The ice beast is almost dead.
The ice beast misses you.
You hit the ice beast but do no damage.
The ice beast is almost dead.
The ice beast hits you.
* * * LOW HITPOINT WARNING * * *
The ice beast freezes you!
You feel yourself slow down.
* * * LOW HITPOINT WARNING * * *
You hit the ice beast but do no damage.
You tail-slap the ice beast, but do no damage.
The ice beast is almost dead.
The ice beast hits you but does no damage.
The ice beast closely misses you.
You hit the ice beast.
The ice beast is almost dead.
You feel yourself speed up.
The ice beast hits you but does no damage.
You barely miss the ice beast.
The ice beast is almost dead.
The ice beast hits you.
* * * LOW HITPOINT WARNING * * *
The ice beast freezes you!
You die...
Your body crumbles into a pile of gold.

##.~.Y≈......##..
.o≈≈~~~.~......# ..~5o. ..#....
# .~.≈≈ ..##.. ######### ~~~#
#.##.# #.......) ~.#
#.#..###........ #.#
#.#....#........
.#######.###...##.....<....
............#$Y@$.######........
.......#.....$###.## #........
.......>...........# #........
...............##.... ####.####
...............##.###. #.#
!..............##.## .. ..#
.................... . ...#
.................### ##.##
##.###.#.......#..# #.


You could see an ice beast.

Vanquished Creatures
  A two-headed ogre (D:9)
  2 orange demons (D:4)
  Maggie (D:8)
  3 hellwings
  A polar bear (D:9)
  Prince Ribbit (D:8)
  Sigmund (D:6)
  4 yaks (D:9)
  Grum (D:8)
  Duvessa (D:6)
  A sky beast (D:7)
  An ice beast (D:9)
  An orc warrior (D:9)
  A black bear (D:4)
  4 wolves (D:8)
  A centaur (D:9)
  2 phantoms
  2 bullfrogs
  3 scorpions
  3 wyvern zombies (Ossuary)
  Dowan (D:6)
  3 killer bees (D:9)
  A howler monkey (D:8)
  2 bullfrog zombies (Ossuary)
  4 centaur zombies (Ossuary)
  2 hounds (D:6)
  Crazy Yiuf (D:7)
  8 jellies
  2 orc priests (D:5)
  Jessica (D:2)
  3 iguanas
  5 orc wizards
  2 killer bee zombies (Ossuary)
  11 mummies (Ossuary)
  3 howler monkey zombies (Ossuary)
  7 adders
  3 white imps
  2 worms
  2 dart slugs
  21 orcs
  6 bats
  7 endoplasms
  7 giant cockroaches
  13 goblins
  11 hobgoblins
  5 kobolds
  4 quokkas
  5 ball pythons
  4 frilled lizards
  3 rats
  A butterfly (D:7)
185 creatures vanquished.

Vanquished Creatures (others)
  7 fungi
  22 plants
  9 withered plants (Ossuary)
38 creatures vanquished.

Grand Total: 223 creatures vanquished

Notes
Turn   | Place    | Note
-------+----------+-------------------------------------------
     0 | D:1      | juncz the Draconian Ice Elementalist began the quest for
                  | the Orb.
     0 | D:1      | Reached XP level 1. HP: 14/14 MP: 3/3
   124 | D:1      | Reached XP level 2. HP: 4/20 MP: 0/5
   693 | D:1      | Found Ugoaddig's Weapon Boutique.
   962 | D:1      | Found a faded altar of an unknown god.
  1546 | D:1      | Reached XP level 3. HP: 26/26 MP: 4/6
  1837 | D:2      | Learned a level 3 spell: Frozen Ramparts
  1841 | D:2      | Learned a level 3 spell: Ozocubu's Armour
  1897 | D:2      | Noticed Jessica
  1905 | D:2      | Killed Jessica
  1994 | D:2      | Reached XP level 4. HP: 33/33 MP: 1/8
  2854 | D:3      | Reached skill level 5 in Ice Magic
  3054 | D:3      | Reached XP level 5. HP: 19/38 MP: 0/10
  3319 | D:3      | Found Nimut's Antique Weapon Boutique.
  3425 | D:3      | Found a large runed translucent door.
  3425 | D:3      | Found a large runed translucent door.
  3483 | D:3      | Found Laaryty's Jewellery Boutique.
  4061 | D:3      | Found a burning altar of Makhleb.
  4089 | D:3      | Became a worshipper of Makhleb the Destroyer
  4095 | D:3      | Found an ornate altar of the Wu Jian Council.
  4108 | D:3      | Fell from the grace of Makhleb
  4401 | D:4      | Noticed a phantom
  4488 | D:4      | Killed a phantom
  4489 | D:4      | Reached XP level 6. HP: 38/45 MP: 7/12
  4643 | D:4      | Noticed an orange demon
  4658 | D:4      | Killed an orange demon
  4993 | D:4      | Noticed an orange demon
  5005 | D:4      | Killed an orange demon
  5391 | D:4      | Found a broken altar of Ashenzari.
  5450 | D:4      | Reached skill level 6 in Ice Magic
  5768 | D:4      | Noticed a hellwing
  5781 | D:4      | Killed a hellwing
  6373 | D:4      | Found a hide-covered altar of Uskayaw.
  6467 | D:4      | Found a sparkling altar of Nemelex Xobeh.
  6536 | D:5      | Entered Level 5 of the Dungeon
  6556 | D:5      | Reached skill level 5 in Spellcasting
  6706 | D:5      | Your scales start taking on a golden yellow colour.
  6706 | D:5      | Reached XP level 7. HP: 49/50 MP: 14/14
  6706 | D:5      | Gained mutation: You are resistant to acid. (rCorr) [Yellow
                  | Draconian growth]
  6932 | D:5      | Reached skill level 7 in Ice Magic
  7875 | D:6      | Reached XP level 8. HP: 57/57 MP: 10/17
  8049 | D:6      | Noticed Duvessa
  8049 | D:6      | Noticed Dowan
  8058 | D:6      | Killed Duvessa
  8075 | D:6      | Killed Dowan
  8076 | D:6      | Reached skill level 8 in Ice Magic
  8318 | D:6      | Noticed Sigmund
  8340 | D:6      | Killed Sigmund
  8478 | D:7      | Found a snail-covered altar of Cheibriados.
  8750 | D:7      | Identified the +2 robe of Shielding {Contam rC+ Will+++
                  | rCorr}
  8837 | D:7      | Found a staircase to the Ecumenical Temple.
  8846 | Temple   | Entered the Ecumenical Temple
  8884 | Temple   | Became a worshipper of Gozag Ym Sagoz the Greedy
  8933 | D:7      | Found a runed translucent door.
  8937 | D:7      | Noticed Crazy Yiuf
  8944 | D:7      | Killed Crazy Yiuf
  9103 | D:7      | Found a glowing silver altar of Zin.
  9353 | D:8      | Noticed Grum
  9362 | D:8      | Killed Grum
  9363 | D:8      | Reached skill level 9 in Ice Magic
  9371 | D:8      | Reached XP level 9. HP: 45/62 MP: 15/20
  9581 | D:8      | Noticed Maggie
  9589 | D:8      | Killed Maggie
  9618 | D:8      | Found a sand-covered staircase.
  9639 | D:8      | Noticed Prince Ribbit
  9646 | D:8      | Killed Prince Ribbit
  9661 | Ossuary  | Entered an ossuary
  9700 | Ossuary  | Reached skill level 10 in Ice Magic
 11198 | D:8      | Was forgiven by Makhleb
 11199 | D:8      | Noticed a hellwing
 11199 | D:8      | Noticed a hellwing
 11211 | D:8      | Killed a hellwing
 11214 | D:8      | Killed a hellwing
 11343 | D:8      | Found a basalt altar of Yredelemnul.
 11353 | D:8      | Found a viscous altar of Jiyva.
 11693 | D:9      | Found a stormy altar of Qazlal.
 12053 | D:9      | Reached skill level 11 in Ice Magic
 12053 | D:9      | Reached XP level 10. HP: 14/69 MP: 14/23
 12349 | D:9      | Noticed a two-headed ogre
 12365 | D:9      | Reached skill level 1 in Fighting
 12365 | D:9      | Killed a two-headed ogre
 12366 | D:9      | Reached skill level 1 in Air Magic
 12531 | D:9      | Slain by an ice beast

Illustrated notes

Levels and vault maps discovered:
D:1:      minmay_arrival_stone_box, layout_loops_ring,
          shapermc_ecumenical_altar_mp_urbaneastern, serial_shops, shop
D:2:      layout_rooms, serial_bayou_pond_e, hex_medium,
          kennysheep_generic_room_11, uniq_jessica
D:3:      layout_loops_corners, jmf_multi_god_temple2, serial_shops, shop,
          nicolae_shop_temple_entry_statues_fountains, st_stairs_9
D:4:      layout_loops_ring, lemuel_coloured_pillars_altar,
          mainiacjoe_overflow_swirl, serial_forest,
          infiniplex_forest_clump_diagonal, infiniplex_forest_lined_ring,
          infiniplex_forest_clump_small, infiniplex_forest_clump_small,
          infiniplex_forest_straight_1, infiniplex_forest_lined_room_,
          supply_closet_lemuel
D:5:      layout_basic
D:6:      layout_cave_pools, nicolae_concentric_dashed_squares_mild,
          serial_bayou_pond_e, minmay_small_thing, uniq_duvessa, uniq_sigmund
D:7:      layout_layer_cave, lemuel_doored_altar, cheibriados_altar_1,
          minmay_temple_entry_butterflies, uniq_pikel, uniq_crazy_yiuf_cottage
D:8:      layout_loops_ring, mainiacjoe_overflow_brackets,
          nicolae_ossuary_entry_false_entrances, jiyva_altar_1, uniq_grum,
          uniq_maggie, uniq_prince_ribbit1
D:9:      layout_rooms, kennysheep_little_box, grunt_qazlal_clouds, serial_ice,
          serial_ice_j, serial_ice_o, serial_ice_e, serial_ice_n
Temple:   corrupted_temple

Skill      XL: |  1  2  3  4  5  6  7  8  9 10 |
---------------+-------------------------------+-----
Stealth        | 2 |  2.0
Dodging        | 2 |  2.0
Spellcasting   | 3 4 5 6 7 9 |  9.9
Ice Magic      | 5 6 7 9 11 | 11.3
Fighting       | 2 |  2.2
Air Magic      | 2 |  2.0

Action                   |  1- 3 |  4- 6 |  7- 9 | 10-12 || total
-------------------------+-------+-------+-------+-------++-------
Melee: Dagger            |    36 |   149 |   122 |   130 ||   437
       Unarmed           |     2 |       |       |       ||     2
       Tailslap          |     3 |    26 |    30 |    27 ||    86
       Punch             |     1 |     1 |     3 |     2 ||     7
Throw: Stone             |       |     1 |     3 |     1 ||     5
 Cast: Freeze            |    45 |    71 |   146 |    19 ||   281
       Frozen Ramparts   |     2 |    27 |    36 |     2 ||    67
       Ozocubu's Armour  |       |     6 |    11 |     2 ||    19
Invok: Renounce Religion |       |     1 |       |       ||     1
 Abil: Breathe Acid      |       |       |     3 |       ||     3
Evoke: Wand              |       |       |    28 |       ||    28
  Use: Scroll            |       |     1 |     8 |       ||     9
       Potion            |       |     1 |       |     1 ||     2
 Stab: Sleeping          |     1 |       |     1 |       ||     2
       Distracted        |       |       |       |     1 ||     1
Armor: Skin              |    16 |    81 |   181 |    82 ||   360
Dodge: Dodged            |    33 |    89 |   231 |    76 ||   429

Table legend: (Time is in decaauts)
 A = Elapsed time spent in this place.
 B = Non-inter-level travel time spent in this place.
 C = Inter-level travel time spent in this place.
 D = Time resting spent in this place.
 E = Time spent auto-exploring this place.
 F = Levels seen in this place.
 G = Mean time per level.
                   A        B        C        D        E       F      G
               +--------+--------+--------+--------+--------+-----+--------+
         Total |  12568 |  12298 |    270 |   3716 |   6545 |  11 | 1142.5 |
       Dungeon |  11121 |  10851 |    270 |   2775 |   6360 |   9 | 1235.7 |
        Temple |     55 |     55 |      0 |      0 |     26 |   1 |   55.0 |
       Ossuary |   1391 |   1391 |      0 |    941 |    159 |   1 | 1391.0 |
               +--------+--------+--------+--------+--------+-----+--------+

Top non-repeatable levels by time:
     D:4: 2193 daAuts
     D:1: 1831 daAuts
     D:3: 1491 daAuts
 Ossuary: 1391 daAuts
     D:6: 1171 daAuts
     D:8: 1022 daAuts
     D:2: 1019 daAuts
     D:9: 868 daAuts
     D:7: 763 daAuts
     D:5: 758 daAuts
  Temple: 55 daAuts
